Winnipeg Jets vs Detroit Red Wings
Created - Friday, October 20, 2023 at 08:48
Goals
|
| Winnipeg Jets |
0 |
1 |
2 |
0 |
3 |
| Detroit Red Wings |
0 |
1 |
2 |
1 |
4 |
|
Shots
|
| Winnipeg Jets |
13 |
16 |
6 |
1 |
36 |
| Detroit Red Wings |
12 |
11 |
16 |
1 |
40 |
|
1st period
No Goal
Penalties :
MacKenzie Weegar (DET) for Hooking (Minor) at 4:01, Matthew Boldy (DET) for Tripping (Minor) at 13:42
2nd period
1. Winnipeg Jets , Sam Steel 5 (Calen Addison 8, Connor McDavid 24) at 1:43
2. Detroit Red Wings , Mika Zibanejad 22 (Carter Verhaeghe 21) at 9:05
Penalties :
Carter Verhaeghe (DET) for Boarding (Minor) at 4:13
3rd period
3. Detroit Red Wings , Carter Verhaeghe 12 (Zach Bogosian 8) at 2:34
4. Winnipeg Jets , Nick Suzuki 16 (Barclay Goodrow 14, Dylan Samberg 6) at 15:57
5. Winnipeg Jets , Kaapo Kakko 11 (Calen Addison 9) at 17:03 (PP)
6. Detroit Red Wings , Arthur Kaliyev 6 (Sean Couturier 4, Josh Bailey 7) at 19:45
Penalties :
Kevin Shattenkirk (DET) for Holding (Minor) at 5:38, Dante Fabbro (WPG) for Tripping (Minor) at 10:20, Shayne Gostisbehere (DET) for Goalie Interference (Minor) at 16:49, Andrew Cogliano (WPG) for Boarding (Minor) at 19:48
Overtime #1
7. Detroit Red Wings , Matthew Boldy 15 (Steven Stamkos 34, MacKenzie Weegar 14) at 3:27
Penalties :
No Penalty
Goalie Stats
Spencer Knight (WPG), 36 saves from 40 shots - (0.900), OTL, 6-6-2, 63:27 minutes
Vitek Vanecek (DET), 33 saves from 36 shots - (0.917), W, 10-7-2, 62:43 minutes
Players Stats for Winnipeg Jets
Player Name G A P +/- PIM S H SB GA TA FO MP PP MP PK MP
------------------------------------------------------------------------------------
Alex DeBrincat 0 0 0 -2 0 3 0 1 0 0 1/2 19:36 3:59 1:23
Andrew Cogliano 0 0 0 0 2 0 1 0 0 0 0/1 13:06 0:00 0:00
Barclay Goodrow 0 1 1 1 0 1 1 0 1 0 0/0 17:12 4:04 0:00
Calen Addison 0 2 2 1 0 0 0 4 0 0 0/0 21:29 4:10 0:00
Connor McDavid 0 1 1 -1 0 4 0 0 1 0 12/22 19:25 3:59 1:45
Dante Fabbro 0 0 0 -2 2 2 1 1 1 0 0/0 23:43 4:00 1:16
Dylan Samberg 0 1 1 1 0 1 0 0 0 1 0/0 18:54 0:00 1:28
Joel Armia 0 0 0 -1 0 3 0 0 0 0 0/0 9:32 0:00 0:00
Kaapo Kakko 1 0 1 1 0 5 1 0 3 1 0/1 17:12 4:04 0:00
Kaiden Guhle 0 0 0 -2 0 2 3 0 0 0 0/0 25:33 4:00 3:03
Lucas Raymond 0 0 0 -2 0 0 2 0 0 0 0/3 19:36 3:59 1:23
Mark Borowiecki 0 0 0 -1 0 2 1 0 0 1 0/0 16:37 0:00 0:55
Matthew Beniers 0 0 0 0 0 0 0 1 1 0 7/14 13:43 0:07 0:00
Nick Suzuki 1 0 1 1 0 6 0 0 1 0 11/22 20:14 4:11 1:37
Pius Suter 0 0 0 -1 0 1 1 0 0 1 0/1 9:32 0:00 0:00
Sam Steel 1 0 1 -1 0 5 0 0 1 0 6/9 10:33 0:07 0:00
Ty Smith 0 0 0 -1 0 0 1 1 1 0 0/0 20:47 4:10 1:14
Yegor Sharangovich 0 0 0 0 0 1 3 0 0 1 0/1 13:04 0:00 0:00
Players Stats for Detroit Red Wings
Player Name G A P +/- PIM S H SB GA TA FO MP PP MP PK MP
------------------------------------------------------------------------------------
Alexander Barabanov 0 0 0 -1 0 2 1 1 0 1 1/1 15:35 0:00 0:00
Arthur Kaliyev 1 0 1 0 0 3 0 0 0 1 0/0 7:53 0:00 0:00
Carter Verhaeghe 1 1 2 2 2 3 2 1 1 0 0/0 15:18 0:44 0:00
Daniel Sprong 0 0 0 0 0 1 1 0 0 0 1/1 13:01 0:00 0:11
Jared McCann 0 0 0 0 0 0 1 0 0 0 1/10 16:13 0:00 3:49
Jonathan Huberdeau 0 0 0 0 0 3 0 0 0 0 0/0 13:39 1:26 0:00
Josh Bailey 0 1 1 0 0 2 0 0 1 0 0/1 12:39 0:00 4:10
Kevin Shattenkirk 0 0 0 1 2 2 3 1 1 2 0/0 28:52 1:47 3:28
MacKenzie Weegar 0 1 1 1 2 1 0 2 0 2 0/0 29:14 1:47 3:18
Matthew Boldy 1 0 1 3 2 2 1 0 1 0 0/0 15:22 0:44 0:00
Michael Del Zotto 0 0 0 -1 0 0 0 0 0 0 0/0 15:36 0:23 1:27
Mika Zibanejad 1 0 1 2 0 3 0 0 0 0 15/26 19:18 0:44 3:49
Patrick Kane 0 0 0 -1 0 7 3 0 0 0 1/1 16:54 1:26 0:00
Philippe Myers 0 0 0 -1 0 1 1 1 0 1 0/0 15:06 0:00 3:50
Sean Couturier 0 1 1 0 0 2 1 0 0 0 5/13 13:24 0:00 4:10
Shayne Gostisbehere 0 0 0 2 2 0 1 1 0 2 0/0 21:29 0:23 3:16
Steven Stamkos 0 1 1 0 0 6 1 0 1 0 15/23 18:14 1:26 0:11
Zach Bogosian 0 1 1 2 0 2 0 0 0 1 0/0 17:46 0:00 1:01
3 Stars
1 - Carter Verhaeghe (DET)
2 - Mika Zibanejad (DET)
3 - Matthew Boldy (DET)
Power Play
Winnipeg Jets - 1 on 5 Attempt(s) - 20.00%
Detroit Red Wings - 0 on 2 Attempt(s) - 0.00%
Penalty Kill
Winnipeg Jets - 2 on 2 Attempt(s) - 100.00%
- Score 0 goal in Penalty Kill
Detroit Red Wings - 4 on 5 Attempt(s) - 80.00%
- Score 0 goal in Penalty Kill
Team Stat
Winnipeg Jets - Hits : 15 - Faceoff Wins : 37 - Blocked Shots : 8 - Penalty Minutes : 4
Detroit Red Wings - Hits : 16 - Faceoff Wins : 39 - Blocked Shots : 7 - Penalty Minutes : 10
Official
Referees : Chris Lee and Greg Kimmerly
Linesman : Ryan Galloway and Scott Driscoll
Game Notes
No Game Note
Finance
Level 1 -- Attendance: 5061 (84.35%) -- Ticket Income $506,100
Level 2 -- Attendance: 3919 (78.38%) -- Ticket Income $235,140
Level 3 -- Attendance: 2382 (79.40%) -- Ticket Income $83,370
Level 4 -- Attendance: 3652 (73.04%) -- Ticket Income $91,300
Luxury Box -- Attendance: 723 (72.30%) -- Ticket Income $144,600
Game was played at the Joe Louis Arena.
Total Attendance: 15737 (78.69%)
Total Ticket Income: $1,060,510
Other Income: $371,178
Total Income: $1,431,688
Winnipeg Jets
5 vs 5 Forward
Center Left Wing Right Wing Time % Phy DF OF
1 Connor McDavid Alex DeBrincat Lucas Raymond 30 1 2 2
2 Nick Suzuki Barclay Goodrow Kaapo Kakko 30 1 2 2
3 Matthew Beniers Andrew Cogliano Yegor Sharangovich 25 1 2 2
4 Sam Steel Pius Suter Joel Armia 15 1 2 2
5 vs 5 Defense
Defense Defense Time % Phy DF OF
1 Dante Fabbro Kaiden Guhle 35 1 2 2
2 Calen Addison Dylan Samberg 35 1 2 2
3 Ty Smith Mark Borowiecki 30 1 2 2
4 Dante Fabbro Kaiden Guhle 0 1 2 2
PowerPlay Forward
Center Left Wing Right Wing Time % Phy DF OF
1 Connor McDavid Alex DeBrincat Lucas Raymond 50 1 2 2
2 Nick Suzuki Barclay Goodrow Kaapo Kakko 50 1 2 2
PowerPlay Defense
Defense Defense Time % Phy DF OF
1 Dante Fabbro Kaiden Guhle 50 1 2 2
2 Calen Addison Ty Smith 50 1 2 2
Penalty Kill 4 Players Forward
Center Wing Time % Phy DF OF
1 Connor McDavid Nick Suzuki 50 1 2 2
2 Alex DeBrincat Lucas Raymond 50 1 2 2
Penalty Kill 4 Players Defense
Defense Defense Time % Phy DF OF
1 Kaiden Guhle Dante Fabbro 50 1 2 2
2 Dylan Samberg Mark Borowiecki 50 1 2 2
Penalty Kill - 3 Players Forward
Forward Time % Phy DF OF
1 Connor McDavid 50 1 2 2
2 Nick Suzuki 50 1 2 2
Penalty Kill - 3 Players Defense
Defense Defense Time % Phy DF OF
1 Kaiden Guhle Dante Fabbro 50 1 2 2
2 Dylan Samberg Mark Borowiecki 50 1 2 2
4 vs 4 Forward
Center Wing Time % Phy DF OF
1 Connor McDavid Nick Suzuki 50 1 2 2
2 Alex DeBrincat Lucas Raymond 50 1 2 2
4 vs 4 Defense
Defense Defense Time % Phy DF OF
1 Dante Fabbro Kaiden Guhle 50 1 2 2
2 Calen Addison Dylan Samberg 50 1 2 2
Last Minutes Offensive
Center Left Wing Right Wing Defense Defense
Connor McDavid Alex DeBrincat Lucas Raymond Dante Fabbro Kaiden Guhle
Last Minutes Defensive
Center Left Wing Right Wing Defense Defense
Connor McDavid Alex DeBrincat Lucas Raymond Dante Fabbro Kaiden Guhle
Goaltenders
Starting : Spencer Knight
Backup : Pavel Francouz
Extra Forwards
Normal : Sam Steel, Matthew Beniers, Andrew Cogliano - PP : Sam Steel, Matthew Beniers - PK : Andrew Cogliano
Extra Defensemen
Normal : Kaiden Guhle, Ty Smith, Dante Fabbro - PP : Kaiden Guhle - PK : Dylan Samberg, Dante Fabbro
Penalty Shots
Connor McDavid, Nick Suzuki, Alex DeBrincat, Lucas Raymond, Matthew Beniers
Detroit Red Wings
5 vs 5 Forward
Center Left Wing Right Wing Time % Phy DF OF
1 Steven Stamkos Alexander Barabanov Patrick Kane 35 1 1 3
2 Mika Zibanejad Carter Verhaeghe Matthew Boldy 30 1 2 2
3 Jared McCann Jonathan Huberdeau Daniel Sprong 25 2 2 1
4 Sean Couturier Josh Bailey Arthur Kaliyev 10 2 2 1
5 vs 5 Defense
Defense Defense Time % Phy DF OF
1 Kevin Shattenkirk MacKenzie Weegar 40 1 2 2
2 Zach Bogosian Shayne Gostisbehere 30 1 2 2
3 Philippe Myers Michael Del Zotto 20 3 1 1
4 Kevin Shattenkirk MacKenzie Weegar 10 1 2 2
PowerPlay Forward
Center Left Wing Right Wing Time % Phy DF OF
1 Mika Zibanejad Carter Verhaeghe Matthew Boldy 50 1 2 2
2 Steven Stamkos Jonathan Huberdeau Patrick Kane 50 1 1 3
PowerPlay Defense
Defense Defense Time % Phy DF OF
1 Kevin Shattenkirk MacKenzie Weegar 50 1 2 2
2 Shayne Gostisbehere Michael Del Zotto 50 1 2 2
Penalty Kill 4 Players Forward
Center Wing Time % Phy DF OF
1 Mika Zibanejad Jared McCann 50 1 2 2
2 Sean Couturier Josh Bailey 50 2 2 1
Penalty Kill 4 Players Defense
Defense Defense Time % Phy DF OF
1 Kevin Shattenkirk MacKenzie Weegar 50 1 2 2
2 Philippe Myers Shayne Gostisbehere 50 2 2 1
Penalty Kill - 3 Players Forward
Forward Time % Phy DF OF
1 Mika Zibanejad 50 1 2 2
2 Sean Couturier 50 1 2 2
Penalty Kill - 3 Players Defense
Defense Defense Time % Phy DF OF
1 Kevin Shattenkirk MacKenzie Weegar 50 1 2 2
2 Philippe Myers Shayne Gostisbehere 50 2 2 1
4 vs 4 Forward
Center Wing Time % Phy DF OF
1 Mika Zibanejad Carter Verhaeghe 60 1 2 2
2 Steven Stamkos Matthew Boldy 40 1 1 3
4 vs 4 Defense
Defense Defense Time % Phy DF OF
1 Kevin Shattenkirk MacKenzie Weegar 60 1 2 2
2 Shayne Gostisbehere Michael Del Zotto 40 1 2 2
Last Minutes Offensive
Center Left Wing Right Wing Defense Defense
Mika Zibanejad Steven Stamkos Matthew Boldy Kevin Shattenkirk MacKenzie Weegar
Last Minutes Defensive
Center Left Wing Right Wing Defense Defense
Mika Zibanejad Jared McCann Matthew Boldy Kevin Shattenkirk MacKenzie Weegar
Goaltenders
Starting : Vitek Vanecek
Backup : Laurent Brossoit
Extra Forwards
Normal : Sean Couturier, Daniel Sprong, Arthur Kaliyev - PP : Josh Bailey, Arthur Kaliyev - PK : Jared McCann
Extra Defensemen
Normal : Philippe Myers, Michael Del Zotto, Kevin Shattenkirk - PP : Michael Del Zotto - PK : Philippe Myers, Michael Del Zotto
Penalty Shots
Mika Zibanejad, Steven Stamkos, Matthew Boldy, Carter Verhaeghe, Jared McCann
% Time on Ice - Winnipeg Jets
Lines # - Real PCT - Wanted PCT - Time Play
Normal Forward
1 - 27% - 30% - 13:24
2 - 28% - 30% - 13:40
3 - 26% - 25% - 13:04
4 - 19% - 15% - 9:32
Normal Defense
1 - 36% - 35% - 17:46
2 - 34% - 35% - 16:52
3 - 30% - 30% - 15:02
4 - 0% - 0% - 0:00
PP Forward
1 - 49% - 50% - 3:59
2 - 51% - 50% - 4:11
PP Defense
1 - 49% - 50% - 4:00
2 - 51% - 50% - 4:10
PK Forward
1 - 36% - 50% - 0:47
2 - 64% - 50% - 1:23
PK Defense
1 - 91% - 50% - 1:58
2 - 9% - 50% - 0:12
PK3 Forward
1 - 54% - 50% - 0:58
2 - 46% - 50% - 0:50
PK3 Defense
1 - 60% - 50% - 1:05
2 - 40% - 50% - 0:43
44 Forward
1 - 39% - 50% - 0:39
2 - 61% - 50% - 1:00
44 Defense
1 - 32% - 50% - 0:32
2 - 68% - 50% - 1:07
Last Minute Offensive - 0:00
Last Minute Defensive - 0:00
Total
Forward - 63:27
Defense - 63:27
|
% Time on Ice - Detroit Red Wings
Lines # - Real PCT - Wanted PCT - Time Play
Normal Forward
1 - 32% - 35% - 15:48
2 - 29% - 30% - 14:24
3 - 25% - 25% - 12:13
4 - 15% - 10% - 7:15
Normal Defense
1 - 39% - 40% - 19:19
2 - 33% - 30% - 16:32
3 - 23% - 20% - 11:14
4 - 5% - 10% - 2:35
PP Forward
1 - 34% - 50% - 0:44
2 - 66% - 50% - 1:26
PP Defense
1 - 82% - 50% - 1:47
2 - 18% - 50% - 0:23
PK Forward
1 - 49% - 50% - 4:00
2 - 51% - 50% - 4:10
PK Defense
1 - 57% - 50% - 4:40
2 - 43% - 50% - 3:30
PK3 Forward
1 - 0% - 50%
2 - 0% - 50%
PK3 Defense
1 - 0% - 50%
2 - 0% - 50%
44 Forward
1 - 67% - 60% - 2:18
2 - 33% - 40% - 1:09
44 Defense
1 - 62% - 60% - 2:08
2 - 38% - 40% - 1:19
Last Minute Offensive - 0:00
Last Minute Defensive - 0:00
Total
Forward - 63:27
Defense - 63:27
|
Play-by-Play
1st period
0:01 of 1st period - Steven Stamkos wins face-off versus Connor McDavid in neutral zone.
0:04 of 1st period - Wrist shot by Steven Stamkos.
0:04 of 1st period - Shot Misses the Net.
0:06 of 1st period - Slapshot by Kevin Shattenkirk.
0:06 of 1st period - Stopped by Spencer Knight without a rebound.
0:07 of 1st period - Steven Stamkos wins face-off versus Lucas Raymond in Winnipeg Jets zone.
0:18 of 1st period - Snap shot by Patrick Kane.
0:18 of 1st period - Stopped by Spencer Knight with a rebound.
0:20 of 1st period - Wrist shot by Alexander Barabanov.
0:20 of 1st period - Stopped by Spencer Knight without a rebound.
0:21 of 1st period - Nick Suzuki wins face-off versus Mika Zibanejad in Winnipeg Jets zone.
0:26 of 1st period - Nick Suzuki is hit by Carter Verhaeghe and loses puck.
0:54 of 1st period - Off-side.
0:55 of 1st period - Sam Steel wins face-off versus Sean Couturier in neutral zone.
2:08 of 1st period - Snap shot by Matthew Boldy.
2:08 of 1st period - Shot Misses the Net.
2:10 of 1st period - Slapshot by Shayne Gostisbehere.
2:10 of 1st period - Shot Misses the Net.
2:12 of 1st period - Wrist shot by Mika Zibanejad.
2:12 of 1st period - Deflect By Carter Verhaeghe.
2:12 of 1st period - Stopped by Spencer Knight with a rebound.
2:14 of 1st period - Slapshot by Kevin Shattenkirk.
2:14 of 1st period - Stopped by Spencer Knight without a rebound.
2:15 of 1st period - Nick Suzuki wins face-off versus Jared McCann in Winnipeg Jets zone.
4:01 of 1st period - Minor Penalty to MacKenzie Weegar for Hooking.
4:02 of 1st period - Connor McDavid wins face-off versus Mika Zibanejad in Detroit Red Wings zone.
5:47 of 1st period - Jared McCann is hit by Kaiden Guhle and loses puck.
6:01 of 1st period - Penalty to MacKenzie Weegar is over, MacKenzie Weegar is back on ice.
8:00 of 1st period - Steven Stamkos is hit by Kaiden Guhle and loses puck.
8:11 of 1st period - Wrist shot by Carter Verhaeghe.
8:11 of 1st period - Shot Blocked by Dante Fabbro.
8:13 of 1st period - Slapshot by Philippe Myers.
8:13 of 1st period - Stopped by Spencer Knight with a rebound.
8:15 of 1st period - Snap shot by Carter Verhaeghe.
8:15 of 1st period - Stopped by Spencer Knight without a rebound.
8:16 of 1st period - Connor McDavid wins face-off versus Mika Zibanejad in Winnipeg Jets zone.
8:31 of 1st period - Snap shot by Lucas Raymond.
8:31 of 1st period - Deflect By Connor McDavid.
8:31 of 1st period - Shot Misses the Net.
8:31 of 1st period - Puck is out of play.
8:32 of 1st period - Nick Suzuki wins face-off versus Steven Stamkos in Detroit Red Wings zone.
8:33 of 1st period - Snap shot by Kaapo Kakko.
8:33 of 1st period - Shot Misses the Net.
8:35 of 1st period - Wrist shot by Nick Suzuki.
8:35 of 1st period - Stopped by Vitek Vanecek without a rebound.
8:36 of 1st period - Steven Stamkos wins face-off versus Nick Suzuki in Detroit Red Wings zone.
8:36 of 1st period - Steven Stamkos is hit by Kaiden Guhle.
8:46 of 1st period - Wrist shot by Steven Stamkos.
8:46 of 1st period - Shot Misses the Net.
9:10 of 1st period - Slapshot by Alex DeBrincat.
9:10 of 1st period - Stopped by Vitek Vanecek without a rebound.
9:11 of 1st period - Matthew Beniers wins face-off versus Jared McCann in Detroit Red Wings zone.
9:46 of 1st period - Off-side.
9:47 of 1st period - Nick Suzuki wins face-off versus Mika Zibanejad in neutral zone.
10:58 of 1st period - Wrist shot by Joel Armia.
10:58 of 1st period - Shot Misses the Net.
11:00 of 1st period - Snap shot by Joel Armia.
11:00 of 1st period - Deflect By Pius Suter.
11:00 of 1st period - Stopped by Vitek Vanecek with a rebound.
11:16 of 1st period - Wrist shot by Kaapo Kakko.
11:16 of 1st period - Stopped by Vitek Vanecek with a rebound.
11:18 of 1st period - Slapshot by Mark Borowiecki.
11:18 of 1st period - Stopped by Vitek Vanecek without a rebound.
11:19 of 1st period - Steven Stamkos wins face-off versus Nick Suzuki in Detroit Red Wings zone.
11:26 of 1st period - Snap shot by Nick Suzuki.
11:26 of 1st period - Shot Misses the Net.
11:28 of 1st period - Snap shot by Kaapo Kakko.
11:28 of 1st period - Stopped by Vitek Vanecek without a rebound.
11:29 of 1st period - Connor McDavid wins face-off versus Steven Stamkos in Detroit Red Wings zone.
11:53 of 1st period - Icing by Philippe Myers.
11:54 of 1st period - Steven Stamkos wins face-off versus Nick Suzuki in Detroit Red Wings zone.
12:48 of 1st period - Snap shot by Yegor Sharangovich.
12:48 of 1st period - Stopped by Vitek Vanecek without a rebound.
12:49 of 1st period - Nick Suzuki wins face-off versus Steven Stamkos in Detroit Red Wings zone.
12:52 of 1st period - Wrist shot by Kaapo Kakko.
12:52 of 1st period - Shot Misses the Net.
12:54 of 1st period - Slapshot by Kaiden Guhle.
12:54 of 1st period - Shot Hit the Post.
12:56 of 1st period - Slapshot by Kaiden Guhle.
12:56 of 1st period - Deflect By Patrick Kane.
12:56 of 1st period - Stopped by Vitek Vanecek without a rebound.
12:57 of 1st period - Steven Stamkos wins face-off versus Nick Suzuki in Detroit Red Wings zone.
13:02 of 1st period - Wrist shot by Steven Stamkos.
13:02 of 1st period - Shot Misses the Net.
13:42 of 1st period - Minor Penalty to Matthew Boldy for Tripping.
13:43 of 1st period - Sean Couturier wins face-off versus Nick Suzuki in Detroit Red Wings zone.
14:27 of 1st period - Off-side.
14:28 of 1st period - Nick Suzuki wins face-off versus Sean Couturier in neutral zone.
14:55 of 1st period - Jared McCann is hit by Lucas Raymond and loses puck.
15:18 of 1st period - Icing by Barclay Goodrow.
15:19 of 1st period - Sean Couturier wins face-off versus Nick Suzuki in Winnipeg Jets zone.
15:38 of 1st period - Snap shot by Jared McCann.
15:38 of 1st period - Shot Misses the Net.
15:42 of 1st period - Penalty to Matthew Boldy is over, Matthew Boldy is back on ice.
16:16 of 1st period - Sean Couturier is hit by Barclay Goodrow and loses puck.
16:25 of 1st period - Snap shot by Nick Suzuki.
16:25 of 1st period - Shot Misses the Net.
16:27 of 1st period - Backhand shot by Barclay Goodrow.
16:27 of 1st period - Stopped by Vitek Vanecek with a rebound.
16:39 of 1st period - Ty Smith is hit by Kevin Shattenkirk.
16:43 of 1st period - Matthew Boldy is hit by Pius Suter and loses puck.
17:14 of 1st period - Snap shot by Sam Steel.
17:14 of 1st period - Stopped by Vitek Vanecek without a rebound.
17:15 of 1st period - Connor McDavid wins face-off versus Jared McCann in Detroit Red Wings zone.
17:18 of 1st period - Snap shot by Connor McDavid.
17:18 of 1st period - Stopped by Vitek Vanecek without a rebound.
17:19 of 1st period - Connor McDavid wins face-off versus Jared McCann in Detroit Red Wings zone.
17:48 of 1st period - Snap shot by Jared McCann.
17:48 of 1st period - Shot Blocked by Calen Addison.
17:50 of 1st period - Wrist shot by Daniel Sprong.
17:50 of 1st period - Stopped by Spencer Knight with a rebound.
17:52 of 1st period - Wrist shot by Jonathan Huberdeau.
17:52 of 1st period - Stopped by Spencer Knight without a rebound.
17:53 of 1st period - Mika Zibanejad wins face-off versus Matthew Beniers in Winnipeg Jets zone.
17:54 of 1st period - Snap shot by Matthew Boldy.
17:54 of 1st period - Shot Misses the Net.
18:04 of 1st period - Snap shot by Matthew Beniers.
18:04 of 1st period - Shot Blocked by Kevin Shattenkirk.
18:45 of 1st period - Wrist shot by Arthur Kaliyev.
18:45 of 1st period - Stopped by Spencer Knight with a rebound.
19:03 of 1st period - Slapshot by Alex DeBrincat.
19:03 of 1st period - Deflect By Jared McCann.
19:03 of 1st period - Stopped by Vitek Vanecek without a rebound.
19:04 of 1st period - Nick Suzuki wins face-off versus Jared McCann in Detroit Red Wings zone.
19:13 of 1st period - Snap shot by Kaapo Kakko.
19:13 of 1st period - Shot Misses the Net.
19:33 of 1st period - Matthew Beniers is hit by Patrick Kane and loses puck.
19:38 of 1st period - Backhand shot by Steven Stamkos.
19:38 of 1st period - Stopped by Spencer Knight without a rebound.
19:39 of 1st period - Steven Stamkos wins face-off versus Lucas Raymond in Winnipeg Jets zone.
19:48 of 1st period - Wrist shot by Steven Stamkos.
19:48 of 1st period - Stopped by Spencer Knight with a rebound.
19:54 of 1st period - Wrist shot by Connor McDavid.
19:54 of 1st period - Stopped by Vitek Vanecek without a rebound.
19:55 of 1st period - Mika Zibanejad wins face-off versus Matthew Beniers in Detroit Red Wings zone.
Goals for this period are 0 for Winnipeg Jets vs 0 for Detroit Red Wings.
Shots for this period are 13 for Winnipeg Jets vs 12 for Detroit Red Wings.
2nd period
0:01 of 2nd period - Mika Zibanejad wins face-off versus Matthew Beniers in neutral zone.
0:34 of 2nd period - Snap shot by Matthew Beniers.
0:34 of 2nd period - Shot Blocked by Shayne Gostisbehere.
0:36 of 2nd period - Slapshot by Mark Borowiecki.
0:36 of 2nd period - Stopped by Vitek Vanecek with a rebound.
0:57 of 2nd period - Wrist shot by Patrick Kane.
0:57 of 2nd period - Stopped by Spencer Knight with a rebound.
0:59 of 2nd period - Slapshot by Alexander Barabanov.
0:59 of 2nd period - Shot Misses the Net.
1:01 of 2nd period - Slapshot by Steven Stamkos.
1:01 of 2nd period - Shot Blocked by Matthew Beniers.
1:11 of 2nd period - Wrist shot by Kaapo Kakko.
1:11 of 2nd period - Stopped by Vitek Vanecek without a rebound.
1:12 of 2nd period - Nick Suzuki wins face-off versus Sean Couturier in Detroit Red Wings zone.
1:13 of 2nd period - Slapshot by Kaapo Kakko.
1:13 of 2nd period - Stopped by Vitek Vanecek without a rebound.
1:14 of 2nd period - Sean Couturier wins face-off versus Nick Suzuki in Detroit Red Wings zone.
1:43 of 2nd period - Snap shot by Sam Steel.
1:43 of 2nd period - Goal by Sam Steel - Winnipeg Jets : 1 - Detroit Red Wings : 0.
1:44 of 2nd period - Mika Zibanejad wins face-off versus Connor McDavid in neutral zone.
3:01 of 2nd period - Snap shot by Joel Armia.
3:01 of 2nd period - Stopped by Vitek Vanecek without a rebound.
3:02 of 2nd period - Mika Zibanejad wins face-off versus Connor McDavid in Detroit Red Wings zone.
3:29 of 2nd period - Barclay Goodrow is hit by Steven Stamkos and loses puck.
3:56 of 2nd period - Wrist shot by Jonathan Huberdeau.
3:56 of 2nd period - Stopped by Spencer Knight with a rebound.
3:58 of 2nd period - Slapshot by Zach Bogosian.
3:58 of 2nd period - Stopped by Spencer Knight without a rebound.
3:59 of 2nd period - Mika Zibanejad wins face-off versus Connor McDavid in Winnipeg Jets zone.
4:00 of 2nd period - Snap shot by Matthew Boldy.
4:00 of 2nd period - Shot Misses the Net.
4:02 of 2nd period - Snap shot by Mika Zibanejad.
4:02 of 2nd period - Stopped by Spencer Knight without a rebound.
4:03 of 2nd period - Connor McDavid wins face-off versus Mika Zibanejad in Winnipeg Jets zone.
4:13 of 2nd period - Minor Penalty to Carter Verhaeghe for Boarding.
4:14 of 2nd period - Connor McDavid wins face-off versus Sean Couturier in Detroit Red Wings zone.
4:18 of 2nd period - Slapshot by Connor McDavid.
4:18 of 2nd period - Stopped by Vitek Vanecek with a rebound.
6:13 of 2nd period - Penalty to Carter Verhaeghe is over, Carter Verhaeghe is back on ice.
6:14 of 2nd period - Wrist shot by Nick Suzuki.
6:14 of 2nd period - Stopped by Vitek Vanecek without a rebound.
6:15 of 2nd period - Steven Stamkos wins face-off versus Nick Suzuki in Detroit Red Wings zone.
6:29 of 2nd period - Icing by Steven Stamkos.
6:30 of 2nd period - Steven Stamkos wins face-off versus Matthew Beniers in Detroit Red Wings zone.
6:30 of 2nd period - Steven Stamkos is hit by Ty Smith.
7:57 of 2nd period - Barclay Goodrow is hit by Philippe Myers.
8:27 of 2nd period - Backhand shot by Jared McCann.
8:27 of 2nd period - Shot Misses the Net.
8:43 of 2nd period - Slapshot by Alexander Barabanov.
8:43 of 2nd period - Deflect By Alex DeBrincat.
8:43 of 2nd period - Stopped by Spencer Knight with a rebound.
8:45 of 2nd period - Snap shot by Alexander Barabanov.
8:45 of 2nd period - Shot Blocked by Calen Addison.
8:47 of 2nd period - Snap shot by Steven Stamkos.
8:47 of 2nd period - Stopped by Spencer Knight without a rebound.
8:48 of 2nd period - Steven Stamkos wins face-off versus Connor McDavid in Winnipeg Jets zone.
8:59 of 2nd period - Slapshot by Patrick Kane.
8:59 of 2nd period - Shot Misses the Net.
9:01 of 2nd period - Snap shot by Alexander Barabanov.
9:01 of 2nd period - Deflect By Patrick Kane.
9:01 of 2nd period - Shot Misses the Net.
9:01 of 2nd period - Puck is out of play.
9:02 of 2nd period - Mika Zibanejad wins face-off versus Connor McDavid in Winnipeg Jets zone.
9:05 of 2nd period - Slapshot by Mika Zibanejad.
9:05 of 2nd period - Goal by Mika Zibanejad - Winnipeg Jets : 1 - Detroit Red Wings : 1.
9:06 of 2nd period - Connor McDavid wins face-off versus Steven Stamkos in neutral zone.
9:40 of 2nd period - Off-side.
9:41 of 2nd period - Matthew Beniers wins face-off versus Mika Zibanejad in neutral zone.
10:52 of 2nd period - Snap shot by Kaiden Guhle.
10:52 of 2nd period - Shot Hit the Post.
10:54 of 2nd period - Snap shot by Kaiden Guhle.
10:54 of 2nd period - Deflect By Kevin Shattenkirk.
10:54 of 2nd period - Stopped by Vitek Vanecek without a rebound.
10:55 of 2nd period - Sam Steel wins face-off versus Sean Couturier in Detroit Red Wings zone.
11:00 of 2nd period - Snap shot by Joel Armia.
11:00 of 2nd period - Deflect By Kevin Shattenkirk.
11:00 of 2nd period - Stopped by Vitek Vanecek with a rebound.
11:02 of 2nd period - Slapshot by Mark Borowiecki.
11:02 of 2nd period - Deflect By Sam Steel.
11:02 of 2nd period - Deflect By MacKenzie Weegar.
11:02 of 2nd period - Shot Misses the Net.
11:02 of 2nd period - Puck is out of play.
11:03 of 2nd period - Mika Zibanejad wins face-off versus Lucas Raymond in Detroit Red Wings zone.
11:07 of 2nd period - Off-side.
11:08 of 2nd period - Mika Zibanejad wins face-off versus Connor McDavid in neutral zone.
11:11 of 2nd period - Connor McDavid is hit by Carter Verhaeghe.
12:00 of 2nd period - Dante Fabbro is hit by Daniel Sprong and loses puck.
12:05 of 2nd period - Slapshot by Jonathan Huberdeau.
12:05 of 2nd period - Stopped by Spencer Knight with a rebound.
12:19 of 2nd period - Wrist shot by Sean Couturier.
12:19 of 2nd period - Stopped by Spencer Knight without a rebound.
12:20 of 2nd period - Sam Steel wins face-off versus Steven Stamkos in Winnipeg Jets zone.
12:25 of 2nd period - Snap shot by Pius Suter.
12:25 of 2nd period - Shot Misses the Net.
12:45 of 2nd period - Slapshot by Joel Armia.
12:45 of 2nd period - Stopped by Vitek Vanecek with a rebound.
12:47 of 2nd period - Slapshot by Mark Borowiecki.
12:47 of 2nd period - Shot Blocked by MacKenzie Weegar.
12:49 of 2nd period - Snap shot by Joel Armia.
12:49 of 2nd period - Deflect By Pius Suter.
12:49 of 2nd period - Shot Blocked by MacKenzie Weegar.
12:49 of 2nd period - Puck is out of play.
12:50 of 2nd period - Connor McDavid wins face-off versus Mika Zibanejad in Detroit Red Wings zone.
12:51 of 2nd period - Slapshot by Lucas Raymond.
12:51 of 2nd period - Deflect By Matthew Boldy.
12:51 of 2nd period - Shot Misses the Net.
12:51 of 2nd period - Puck is out of play.
12:52 of 2nd period - Mika Zibanejad wins face-off versus Connor McDavid in Detroit Red Wings zone.
13:50 of 2nd period - Snap shot by Nick Suzuki.
13:50 of 2nd period - Shot Misses the Net.
13:52 of 2nd period - Wrist shot by Nick Suzuki.
13:52 of 2nd period - Stopped by Vitek Vanecek without a rebound.
13:53 of 2nd period - Matthew Beniers wins face-off versus Mika Zibanejad in Detroit Red Wings zone.
14:30 of 2nd period - Snap shot by Jonathan Huberdeau.
14:30 of 2nd period - Shot Misses the Net.
14:32 of 2nd period - Snap shot by Daniel Sprong.
14:32 of 2nd period - Shot Hit the Post.
14:47 of 2nd period - Alexander Barabanov is hit by Kaapo Kakko and loses puck.
15:04 of 2nd period - Snap shot by Sam Steel.
15:04 of 2nd period - Stopped by Vitek Vanecek with a rebound.
15:08 of 2nd period - Snap shot by Sam Steel.
15:08 of 2nd period - Shot Misses the Net.
15:10 of 2nd period - Slapshot by Dylan Samberg.
15:10 of 2nd period - Stopped by Vitek Vanecek with a rebound.
15:12 of 2nd period - Snap shot by Pius Suter.
15:12 of 2nd period - Shot Misses the Net.
15:24 of 2nd period - Snap shot by Alex DeBrincat.
15:24 of 2nd period - Stopped by Vitek Vanecek without a rebound.
15:25 of 2nd period - Connor McDavid wins face-off versus Mika Zibanejad in Detroit Red Wings zone.
15:39 of 2nd period - Wrist shot by Connor McDavid.
15:39 of 2nd period - Stopped by Vitek Vanecek with a rebound.
16:06 of 2nd period - Slapshot by Mika Zibanejad.
16:06 of 2nd period - Stopped by Spencer Knight with a rebound.
16:08 of 2nd period - Slapshot by MacKenzie Weegar.
16:08 of 2nd period - Stopped by Spencer Knight with a rebound.
16:10 of 2nd period - Snap shot by Mika Zibanejad.
16:10 of 2nd period - Shot Misses the Net.
16:41 of 2nd period - Icing by MacKenzie Weegar.
16:42 of 2nd period - Mika Zibanejad wins face-off versus Nick Suzuki in Detroit Red Wings zone.
16:42 of 2nd period - Mika Zibanejad is hit by Mark Borowiecki.
17:09 of 2nd period - Snap shot by Sam Steel.
17:09 of 2nd period - Stopped by Vitek Vanecek without a rebound.
17:10 of 2nd period - Patrick Kane wins face-off versus Sam Steel in Detroit Red Wings zone.
17:17 of 2nd period - Sam Steel is hit by Alexander Barabanov.
18:17 of 2nd period - Mark Borowiecki is hit by Patrick Kane and loses puck.
Goals for this period are 1 for Winnipeg Jets vs 1 for Detroit Red Wings.
Shots for this period are 16 for Winnipeg Jets vs 11 for Detroit Red Wings.
3rd period
0:01 of 3rd period - Nick Suzuki wins face-off versus Steven Stamkos in neutral zone.
0:38 of 3rd period - Backhand shot by Barclay Goodrow.
0:38 of 3rd period - Shot Blocked by Carter Verhaeghe.
1:22 of 3rd period - Wrist shot by Barclay Goodrow.
1:22 of 3rd period - Shot Misses the Net.
1:24 of 3rd period - Snap shot by Kaapo Kakko.
1:24 of 3rd period - Shot Blocked by Philippe Myers.
1:26 of 3rd period - Wrist shot by Nick Suzuki.
1:26 of 3rd period - Stopped by Vitek Vanecek without a rebound.
1:27 of 3rd period - Matthew Beniers wins face-off versus Jared McCann in Detroit Red Wings zone.
1:37 of 3rd period - Off-side.
1:38 of 3rd period - Matthew Beniers wins face-off versus Steven Stamkos in neutral zone.
1:48 of 3rd period - Wrist shot by Patrick Kane.
1:48 of 3rd period - Stopped by Spencer Knight with a rebound.
1:50 of 3rd period - Wrist shot by Patrick Kane.
1:50 of 3rd period - Shot Misses the Net.
1:52 of 3rd period - Slapshot by Alexander Barabanov.
1:52 of 3rd period - Shot Misses the Net.
2:34 of 3rd period - Snap shot by Carter Verhaeghe.
2:34 of 3rd period - Goal by Carter Verhaeghe - Winnipeg Jets : 1 - Detroit Red Wings : 2.
2:35 of 3rd period - Steven Stamkos wins face-off versus Matthew Beniers in neutral zone.
2:46 of 3rd period - Kevin Shattenkirk is hit by Yegor Sharangovich and loses puck.
3:45 of 3rd period - Icing by Kaapo Kakko.
3:46 of 3rd period - Nick Suzuki wins face-off versus Josh Bailey in Winnipeg Jets zone.
3:57 of 3rd period - Slapshot by Dante Fabbro.
3:57 of 3rd period - Deflect By Nick Suzuki.
3:57 of 3rd period - Stopped by Vitek Vanecek without a rebound.
3:58 of 3rd period - Steven Stamkos wins face-off versus Matthew Beniers in Detroit Red Wings zone.
4:05 of 3rd period - Mark Borowiecki is hit by Patrick Kane and loses puck.
4:28 of 3rd period - Off-side.
4:29 of 3rd period - Alex DeBrincat wins face-off versus Jared McCann in neutral zone.
4:34 of 3rd period - Slapshot by Alex DeBrincat.
4:34 of 3rd period - Shot Misses the Net.
4:57 of 3rd period - Alexander Barabanov is hit by Yegor Sharangovich and loses puck.
5:06 of 3rd period - Snap shot by Matthew Beniers.
5:06 of 3rd period - Shot Misses the Net.
5:38 of 3rd period - Minor Penalty to Kevin Shattenkirk for Holding.
5:39 of 3rd period - Nick Suzuki wins face-off versus Sean Couturier in Detroit Red Wings zone.
7:38 of 3rd period - Penalty to Kevin Shattenkirk is over, Kevin Shattenkirk is back on ice.
8:05 of 3rd period - Snap shot by Andrew Cogliano.
8:05 of 3rd period - Shot Blocked by Alexander Barabanov.
8:21 of 3rd period - Snap shot by Matthew Boldy.
8:21 of 3rd period - Stopped by Spencer Knight without a rebound.
8:22 of 3rd period - Connor McDavid wins face-off versus Mika Zibanejad in Winnipeg Jets zone.
8:52 of 3rd period - Snap shot by Steven Stamkos.
8:52 of 3rd period - Stopped by Spencer Knight without a rebound.
8:53 of 3rd period - Steven Stamkos wins face-off versus Sam Steel in Winnipeg Jets zone.
9:02 of 3rd period - Snap shot by Steven Stamkos.
9:02 of 3rd period - Deflect By Patrick Kane.
9:02 of 3rd period - Stopped by Spencer Knight with a rebound.
9:04 of 3rd period - Slapshot by Zach Bogosian.
9:04 of 3rd period - Stopped by Spencer Knight with a rebound.
9:10 of 3rd period - Snap shot by Patrick Kane.
9:10 of 3rd period - Stopped by Spencer Knight with a rebound.
9:25 of 3rd period - Wrist shot by Daniel Sprong.
9:25 of 3rd period - Shot Misses the Net.
9:36 of 3rd period - Off-side.
9:37 of 3rd period - Mika Zibanejad wins face-off versus Kaapo Kakko in neutral zone.
9:55 of 3rd period - Dylan Samberg is hit by Kevin Shattenkirk and loses puck.
10:08 of 3rd period - Snap shot by Steven Stamkos.
10:08 of 3rd period - Stopped by Spencer Knight with a rebound.
10:10 of 3rd period - Backhand shot by Michael Del Zotto.
10:10 of 3rd period - Shot Blocked by Calen Addison.
10:12 of 3rd period - Snap shot by Steven Stamkos.
10:12 of 3rd period - Shot Blocked by Calen Addison.
10:14 of 3rd period - Snap shot by Steven Stamkos.
10:14 of 3rd period - Stopped by Spencer Knight without a rebound.
10:15 of 3rd period - Alexander Barabanov wins face-off versus Andrew Cogliano in Winnipeg Jets zone.
10:18 of 3rd period - Slapshot by Patrick Kane.
10:18 of 3rd period - Stopped by Spencer Knight with a rebound.
10:20 of 3rd period - Minor Penalty to Dante Fabbro for Tripping.
10:21 of 3rd period - Mika Zibanejad wins face-off versus Connor McDavid in Winnipeg Jets zone.
10:57 of 3rd period - Icing by Patrick Kane.
10:58 of 3rd period - Steven Stamkos wins face-off versus Alex DeBrincat in Detroit Red Wings zone.
11:47 of 3rd period - Snap shot by Jonathan Huberdeau.
11:47 of 3rd period - Shot Misses the Net.
11:49 of 3rd period - Slapshot by Patrick Kane.
11:49 of 3rd period - Shot Misses the Net.
11:51 of 3rd period - Slapshot by MacKenzie Weegar.
11:51 of 3rd period - Shot Blocked by Alex DeBrincat.
11:53 of 3rd period - Snap shot by Jonathan Huberdeau.
11:53 of 3rd period - Shot Misses the Net.
12:01 of 3rd period - Wrist shot by Patrick Kane.
12:01 of 3rd period - Stopped by Spencer Knight with a rebound.
12:07 of 3rd period - Wrist shot by Patrick Kane.
12:07 of 3rd period - Deflect By Lucas Raymond.
12:07 of 3rd period - Shot Misses the Net.
12:07 of 3rd period - Puck is out of play.
12:08 of 3rd period - Mika Zibanejad wins face-off versus Nick Suzuki in Winnipeg Jets zone.
12:20 of 3rd period - Penalty to Dante Fabbro is over, Dante Fabbro is back on ice.
12:59 of 3rd period - Wrist shot by Sam Steel.
12:59 of 3rd period - Stopped by Vitek Vanecek without a rebound.
13:00 of 3rd period - Sam Steel wins face-off versus Sean Couturier in Detroit Red Wings zone.
13:07 of 3rd period - Snap shot by Joel Armia.
13:07 of 3rd period - Shot Misses the Net.
13:30 of 3rd period - Kaiden Guhle is hit by Matthew Boldy and loses puck.
13:47 of 3rd period - Snap shot by Matthew Beniers.
13:47 of 3rd period - Shot Misses the Net.
15:09 of 3rd period - Shayne Gostisbehere is hit by Yegor Sharangovich and loses puck.
15:51 of 3rd period - Slapshot by Barclay Goodrow.
15:51 of 3rd period - Shot Misses the Net.
15:53 of 3rd period - Wrist shot by Barclay Goodrow.
15:53 of 3rd period - Shot Misses the Net.
15:55 of 3rd period - Wrist shot by Barclay Goodrow.
15:55 of 3rd period - Shot Misses the Net.
15:57 of 3rd period - Snap shot by Nick Suzuki.
15:57 of 3rd period - Goal by Nick Suzuki - Winnipeg Jets : 2 - Detroit Red Wings : 2.
15:58 of 3rd period - Jared McCann wins face-off versus Yegor Sharangovich in neutral zone.
16:49 of 3rd period - Minor Penalty to Shayne Gostisbehere for Goalie Interference.
16:50 of 3rd period - Sean Couturier wins face-off versus Nick Suzuki in Detroit Red Wings zone.
17:03 of 3rd period - Wrist shot by Kaapo Kakko.
17:03 of 3rd period - Goal by Kaapo Kakko - Winnipeg Jets : 3 - Detroit Red Wings : 2.
17:04 of 3rd period - Matthew Beniers wins face-off versus Jared McCann in neutral zone.
17:09 of 3rd period - Slapshot by Dante Fabbro.
17:09 of 3rd period - Stopped by Vitek Vanecek without a rebound.
17:10 of 3rd period - Daniel Sprong wins face-off versus Matthew Beniers in Detroit Red Wings zone.
17:10 of 3rd period - Daniel Sprong is hit by Dante Fabbro.
17:40 of 3rd period - Yegor Sharangovich is hit by Jared McCann.
17:44 of 3rd period - Jonathan Huberdeau is hit by Andrew Cogliano and loses puck.
18:22 of 3rd period - Off-side.
18:23 of 3rd period - Sean Couturier wins face-off versus Pius Suter in neutral zone.
18:26 of 3rd period - Sam Steel is hit by Sean Couturier and loses puck.
18:31 of 3rd period - Snap shot by Sean Couturier.
18:31 of 3rd period - Deflect By Josh Bailey.
18:31 of 3rd period - Shot Misses the Net.
18:31 of 3rd period - Puck is out of play.
18:32 of 3rd period - Sam Steel wins face-off versus Sean Couturier in Winnipeg Jets zone.
19:01 of 3rd period - Detroit Red Wings, Vitek Vanecek is pulled from the net.
19:03 of 3rd period - Slapshot by Josh Bailey.
19:03 of 3rd period - Shot Misses the Net.
19:25 of 3rd period - Snap shot by Josh Bailey.
19:25 of 3rd period - Stopped by Spencer Knight with a rebound.
19:35 of 3rd period - Slapshot by Josh Bailey.
19:35 of 3rd period - Stopped by Spencer Knight with a rebound.
19:37 of 3rd period - Slapshot by Josh Bailey.
19:37 of 3rd period - Shot Blocked by Ty Smith.
19:39 of 3rd period - Wrist shot by Josh Bailey.
19:39 of 3rd period - Shot Misses the Net.
19:41 of 3rd period - Slapshot by Sean Couturier.
19:41 of 3rd period - Stopped by Spencer Knight with a rebound.
19:43 of 3rd period - Snap shot by Arthur Kaliyev.
19:43 of 3rd period - Stopped by Spencer Knight with a rebound.
19:45 of 3rd period - Wrist shot by Arthur Kaliyev.
19:45 of 3rd period - Goal by Arthur Kaliyev - Winnipeg Jets : 3 - Detroit Red Wings : 3.
19:45 of 3rd period - Vitek Vanecek from Detroit Red Wings was sent back in the game.
19:46 of 3rd period - Matthew Beniers wins face-off versus Jared McCann in neutral zone.
19:48 of 3rd period - Minor Penalty to Andrew Cogliano for Boarding.
19:49 of 3rd period - Connor McDavid wins face-off versus Mika Zibanejad in Winnipeg Jets zone.
Goals for this period are 2 for Winnipeg Jets vs 2 for Detroit Red Wings.
Shots for this period are 6 for Winnipeg Jets vs 16 for Detroit Red Wings.
Overtime #1
0:01 of 1st overtime period - Mika Zibanejad wins face-off versus Connor McDavid in neutral zone.
0:42 of 1st overtime period - Dylan Samberg is hit by Shayne Gostisbehere and loses puck.
1:48 of 1st overtime period - Penalty to Andrew Cogliano is over, Andrew Cogliano is back on ice.
2:10 of 1st overtime period - Sean Couturier is hit by Lucas Raymond and loses puck.
2:48 of 1st overtime period - Icing by Kaiden Guhle.
2:49 of 1st overtime period - Steven Stamkos wins face-off versus Sam Steel in Winnipeg Jets zone.
2:52 of 1st overtime period - Snap shot by Matthew Boldy.
2:52 of 1st overtime period - Deflect By Steven Stamkos.
2:52 of 1st overtime period - Shot Misses the Net.
2:52 of 1st overtime period - Puck is out of play.
2:53 of 1st overtime period - Sam Steel wins face-off versus Steven Stamkos in Winnipeg Jets zone.
2:58 of 1st overtime period - Slapshot by Dante Fabbro.
2:58 of 1st overtime period - Stopped by Vitek Vanecek with a rebound.
3:04 of 1st overtime period - Sam Steel is hit by Kevin Shattenkirk.
3:27 of 1st overtime period - Snap shot by Matthew Boldy.
3:27 of 1st overtime period - Goal by Matthew Boldy - Winnipeg Jets : 3 - Detroit Red Wings : 4.
Goals for this period are 0 for Winnipeg Jets vs 1 for Detroit Red Wings.
Shots for this period are 1 for Winnipeg Jets vs 1 for Detroit Red Wings.
Back to the Top